Map: Вечная империя РВ

Players

Izual

  • Race: Zerg Zerg
  • League: Platinum
  • Spawn Location: 1:00

ИИ 1 (новичок) - Winner!

  • Race: Protoss Protoss
  • Spawn Location: 7:00

VOD

Have the link to the VOD?

Description

Time

  • Played on: Aug. 3, 2020, 5:08 p.m.
  • Length: 4:18
Show
View Real Time Build Order
Export as new Build Order

Izual Zerg 

Build Orders: Hatch First 

Get SALT Encoding   

  12  0:00  Drone  
  13  0:08  Drone  
  14  0:14  Extractor  
  14  0:16  Drone  
  15  0:39  Hatchery  
  14  0:45  Extractor, Drone  
  15  0:50  Overlord  
  15  1:05  Spawning Pool  
  15  1:09  Drone  
  15  1:13  Drone  
  16  1:21  Extractor  
  16  1:22  Drone  
  16  1:26  Drone  
  17  1:35  Drone  
  18  1:43  Drone  
  19  1:51  Drone  
  19  1:52  Queen  
  22  1:54  Queen  
  22  1:58  Zergling x2  
  25  2:03  Drone  
  25  2:06  Drone  
  27  2:14  Overlord  
  27  2:19  Drone  
  28  2:31  Hatchery  
  28  2:36  Pneumatized Carapace  
  27  2:39  Drone  
  27  2:43  Drone  
  29  2:44  Drone  
  29  2:47  Drone  
  31  2:52  Overlord  
  31  3:00  Queen  
  34  3:05  Zergling x4  
  34  3:06  Zergling x2  
  36  3:17  Zergling x4  
  38  3:22  Zergling x2  
  39  3:27  Drone x2  
  39  3:29  Overlord  
  41  3:34  Drone  
  41  3:37  Drone  
  43  3:42  Drone  
  43  3:47  Drone x2  
  43  3:48  Drone x2  
  48  3:50  Drone  
  48  3:53  Drone  
  50  4:01  Drone x2  
Show
View Real Time Build Order
Export as new Build Order

ИИ 1 (новичок) Protoss - Winner!

Build Orders:  

Get SALT Encoding   

  12  0:00  Probe  
  13  0:13  Probe  
  14  0:20  Pylon  
  14  0:37  Assimilator  
  14  0:43  Gateway  
  14  0:46  Pylon  
  14  1:15  Assimilator  
  14  1:16  Probe  
  14  1:24  Probe  
  15  1:32  Probe, Cybernetics Core  
  17  1:42  Probe  
  18  1:55  Probe  
  18  1:58  Warp Gate  
  19  2:03  Probe  
  20  2:10  Stalker  
Tags
 
Add a new tag
Caveats
  • Supply blocks, unpowered buildings, or Contaminate may cause inaccurate times.
  • Supply counts are checked every 10 seconds.